 Dungeon Crawl Stone Soup version 0.29.1-15-g9cfb28693d (webtiles) character file.

Game seed: 7454765426156338968

13010 Anandil the Trooper (level 11, -7/88 HPs)
             Began as a Demonspawn Fire Elementalist on Apr 25, 2023.
             Was a Believer of Ru.
             Killed from afar by a starcursed mass (9 damage)
             ... with an accursed screaming
             ... on level 2 of the Abyss on May 5, 2023.
             The game lasted 00:47:23 (22076 turns).

Anandil the Trooper (Demonspawn Fire Elementalist) Turns: 22076, Time: 00:47:23

Health: -7/88      AC: 14    Str: 13    XL:     11   Next: 70%
Magic:  21/21      EV: 14    Int: 27    God:    Ru [**....]
Gold:   827        SH:  9    Dex: 18    Spells: 18/24 levels left

rFire   + . .      SeeInvis .   e - +0 scimitar
rCold   . . .      Faith    .   (no shield)
rNeg    . . .      Spirit   .   E - +0 ring mail
rPois   +          Reflect  +   z - +2 helmet {Int+3}
rElec   .          Harm     .   (no cloak)
rCorr   .          Rampage  .   q - +0 pair of gloves
Will    .....                   L - +0 pair of boots of Time Monsters {rPois Str+2 Dex+4}
Stlth   +.........              w - amulet of reflection
HPRegen 0.24/turn               t - ring of protection from fire
MPRegen 0.17/turn               x - +6 ring of intelligence

@: agile
A: rugged brown scales 1, demonic guardian 2, powered by pain 2, reduced EV 1,
unskilled 1, weakness stinger 1, large bone plates 1, shaggy fur 1
a: Renounce Religion


You were on level 2 of the Abyss.
You worshipped Ru.
Ru was pleased with you.
You visited 2 branches of the dungeon, and saw 13 of its levels.
You visited the Abyss 1 time.
You also visited: Ossuary and Bailey.

You collected 856 gold pieces.
You spent 29 gold pieces at shops.

Inventory:

Hand Weapons
 e - a +0 scimitar (weapon)
Missiles
 o - 2 throwing nets
Armour
 k - a +1 robe of willpower
 q - a +0 pair of gloves (worn)
 z - a +2 helmet of intelligence (worn)
 A - a +0 kite shield
 E - a +0 ring mail (worn)
 L - the +0 pair of boots of Time Monsters (worn) {rPois Str+2 Dex+4}
   (You found it on level 10 of the Dungeon)

   Str:       It affects your strength (+2).
   Dex:       It affects your dexterity (+4).
   rPois:     It protects you from poison.
Jewellery
 i - an amulet of faith
 t - a ring of protection from fire (left hand)
 w - an amulet of reflection (around neck)
 x - a +6 ring of intelligence (right hand)
 B - a ring of protection from fire
 F - a ring of willpower
Wands
 a - a wand of light (2)
 d - a wand of roots (13)
 y - a wand of digging (2)
 M - a wand of flame (19)
Scrolls
 b - 2 scrolls of enchant armour
 g - 3 scrolls of vulnerability
 j - a scroll of poison
 l - 2 scrolls of teleportation
 n - a scroll of enchant weapon
 p - a scroll of summoning
 r - 3 scrolls of amnesia
 v - 2 scrolls of blinking
 C - 3 scrolls of immolation
 J - a scroll of torment {unknown}
 K - a scroll of fear
Potions
 c - a potion of mutation
 f - 2 potions of curing
 h - 2 potions of brilliance
 m - a potion of berserk rage {unknown}
 s - a potion of cancellation
 u - 2 potions of might
 D - 2 potions of haste
 G - 3 potions of heal wounds
 H - a potion of invisibility
 I - a potion of flight {unknown}
 N - 2 potions of resistance {unknown}


   Skills:
 + Level 7.9 Fighting
 + Level 7.2 Armour
 - Level 7.3 Dodging
 - Level 1.5 Stealth
 - Level 7.0 Spellcasting
 - Level 3.0 Conjurations
 - Level 4.0 Hexes
 - Level 6.0 Fire Magic


You had 18 spell levels left.
You knew the following spells:

 Your Spells              Type           Power      Damage    Failure   Level
a - Foxfire               Conj/Fire      100%       2x1d9     1%          1
b - Scorch                Fire           82%        2d9       1%          2
c - Inner Flame           Hex/Fire       36%        N/A       4%          3

Your spell library contained the following spells:

 Spells                   Type           Power      Damage    Failure   Level
 Conjure Flame            Conj/Fire      33%        6-21      5%          3
 Ensorcelled Hibernation  Hex/Ice        40%        N/A       8%          2
 Necrotise                Necr           36%        1d5       11%         1
 Passwall                 Tmut/Erth      7%         N/A       17%         2
 Sublimation of Blood     Necr           9%         N/A       17%         2
 Wereblood                Tmut           9%         N/A       17%         2
 Flame Wave               Conj/Fire      33%        2d10      17%         4
 Swiftness                Air            9%         N/A       32%         3
 Vampiric Draining        Necr           9%         2d6       32%         3
 Airstrike                Air            4%         2d(1-17)  73%         4
 Summon Lightning Spire   Summ/Air       9%         N/A       73%         4
 Lightning Bolt           Conj/Air       8%         1d21      86%         5
 Agony                    Necr           9%         N/A       97%         5
 Summon Hydra             Summ           4%         N/A       100%        7


Dungeon Overview and Level Annotations

Branches:
Dungeon (12/15)            Temple (1/1) D:5            Lair (0/5) D:11
    Orc (0/2) D:10        Ossuary (visited)          Bailey (visited)

Altars:
Dithmenos
Fedhas
Kikubaaqudgha
Nemelex Xobeh
Okawaru
Qazlal
Ru
Sif Muna
Trog
Uskayaw
Wu Jian
Xom
Yredelemnul

Shops:
D:7 *   D:8 *   D:9 =

Annotations:
D:9 exclusion: 2 lava snakes
D:12 Erolcha


Innate Abilities, Weirdness & Mutations

You are partially covered in rugged brown scales. (AC +1, +3% HP)
A demonic guardian rushes to your aid.
You sometimes gain power by taking damage.
You have somewhat slow reflexes. (EV -5)
You are somewhat unskilled. (-1 Apt)
You have a small tail.
You are partially covered in large bone plates. (SH +4)
You are covered in fur. (AC +1)


Message History

A starcursed mass splits.
The iron imp grins evilly.
The iron imp hits you but does no damage.
A starcursed mass splits.
A deafening chorus of shrieks assaults your mind!
You suddenly lose the ability to move!
You can move again.
A starcursed mass splits. x3
The starcursed mass attacks as you move away!
The starcursed mass touches you but does no damage.
The starcursed mass touches you!
You focus on the pain.
You feel agile all of a sudden.
A cacophony of accursed wailing tears at your sanity!
* * * LOW HITPOINT WARNING * * *
Unknown command.
A starcursed mass splits.
The starcursed mass attacks as you move away!
The starcursed mass misses you.
A cacophony of accursed wailing tears at your sanity!
* * * LOW HITPOINT WARNING * * *
A demonic guardian appears!
You focus on the pain.
You feel more agile all of a sudden.
A starcursed mass splits.
Unknown command.
The starcursed mass attacks as you move away!
The starcursed mass barely misses you.
Found a gateway leading out of the Abyss.
The starcursed mass barely misses you.
Unknown command.
The starcursed mass attacks as you move away!
The starcursed mass touches you but does no damage.
An ophan comes into view.
The starcursed mass attacks as you move away!
The starcursed mass touches you but does no damage.
A starcursed mass splits.
Your hellwing hits the starcursed mass.
The starcursed mass shudders and is absorbed by its neighbour.
Your hellwing hits the starcursed mass!
The starcursed mass shudders and is absorbed by its neighbour.
A deafening chorus of shrieks assaults your mind!
You die...

##..##.....X... # ..
............. ..# ..
.......x.......#
.#..###...##XX#5X..#
..#.#...##X#5.X# ##
#.#......4#XX#.##
#∩....X...## ##
##.#.#X#.# #.@X.# .#
#..#.##.. ##....####
..#.... ##.####.#
§≈≈ ≈≈§ §§≈≈ #§≈
≈≈#≈≈ §§


You could see 6 starcursed masses, a small abomination and a friendly hellwing
(summoned).

Vanquished Creatures
  A hydra (D:8)
  A two-headed ogre (D:10)
  Urug (D:10)
  A deep elf pyromancer (D:12)
  2 orc knights (Bailey)
  A manticore (D:11)
  A cyclops (D:12)
  2 kobold demonologists (D:9)
  2 trolls
  Sigmund (D:2)
  2 vampires
  2 wraiths
  4 wyverns
  2 yaks
  4 water moccasins
  8 orc warriors
  2 sky beasts (D:8)
  2 black bears
  An ice beast (D:7)
  A swamp drake (D:10)
  2 ogres
  4 centaurs
  A phantom (D:5)
  A kobold brigand (D:6)
  4 bullfrogs
  6 gnoll sergeants
  9 scorpions
  A necrophage (D:6)
  3 wights (D:7)
  8 killer bees
  3 howler monkeys
  4 centaur zombies
  A jelly (D:7)
  A bullfrog zombie (D:5)
  A human zombie (Ossuary)
  7 orc priests
  Ijyb (D:3)
  Natasha (thrice) (D:4)
  4 iguanas
  12 orc wizards
  7 scorpion zombies (Ossuary)
  2 killer bee zombies (D:5)
  A hound zombie (D:5)
  3 mummies (Ossuary)
  24 gnolls
  6 adders
  A shadow imp (D:7)
  2 white imps (D:7)
  An ufetubus (D:6)
  A worm (D:5)
  A dart slug (D:1)
  51 orcs
  5 bats
  5 endoplasms
  3 giant cockroaches
  3 gnoll zombies (Ossuary)
  5 goblins
  10 hobgoblins
  3 jackals (D:2)
  2 quokkas (D:5)
  7 ball pythons
  4 frilled lizards
  2 goblin zombies (Ossuary)
  2 hobgoblin zombies (Ossuary)
  14 kobolds
  A kobold zombie (Ossuary)
  2 orc zombies (Ossuary)
  4 rats
289 creatures vanquished.

Vanquished Creatures (collateral kills)
  A cyclops (D:10)
  A wyvern (D:11)
  A water moccasin (D:11)
  A gnoll (D:8)
  4 orcs (D:10)
  A gnoll zombie (D:8)
9 creatures vanquished.

Vanquished Creatures (others)
  A yak (D:10)
  A wyvern (D:11)
  878 foxfires
  5 fungi (D:11)
  15 plants
900 creatures vanquished.

Grand Total: 1198 creatures vanquished

Notes
Turn   | Place    | Note
-------+----------+-------------------------------------------
     0 | D:1      | Anandil the Demonspawn Fire Elementalist began the quest
                  | for the Orb.
     0 | D:1      | Reached XP level 1. HP: 13/13 MP: 3/3
   529 | D:1      | Gained mutation: You sometimes gain a little power by
                  | taking damage. [demonic ancestry]
   529 | D:1      | Reached XP level 2. HP: 19/19 MP: 3/5
  1209 | D:2      | Gained mutation: You sometimes gain power by taking damage.
                  | [demonic ancestry]
  1209 | D:2      | Reached XP level 3. HP: 24/24 MP: 4/6
  1371 | D:2      | Noticed Sigmund
  1445 | D:2      | Learned a level 2 spell: Scorch
  1526 | D:2      | Gained mutation: You are partially covered in large bone
                  | plates. (SH +4) [potion of mutation]
  1526 | D:2      | Gained mutation: You are covered in fur. (AC +1) [potion of
                  | mutation]
  1539 | D:2      | Killed Sigmund
  1540 | D:2      | Gained mutation: You are partially covered in rugged brown
                  | scales. (AC +1, +3% HP) [demonic ancestry]
  1540 | D:2      | Reached XP level 4. HP: 4/30 MP: 4/8
  1540 | D:2      | Reached XP level 5. HP: 5/36 MP: 4/9
  1542 | D:2      | HP: 2/54 [poisoned by Sigmund]
  2423 | D:3      | Noticed an ogre
  2492 | D:3      | Noticed Ijyb
  2761 | D:3      | Killed Ijyb
  3236 | D:3      | Found a faded altar of an unknown god.
  3688 | D:3      | Killed an ogre
  3689 | D:3      | Gained mutation: A weak demonic guardian rushes to your
                  | aid. [demonic ancestry]
  3689 | D:3      | Reached XP level 6. HP: 42/42 MP: 4/11
  4128 | D:4      | Noticed Natasha
  4132 | D:4      | Killed Natasha
  4140 | D:4      | Noticed Natasha
  4144 | D:4      | Killed Natasha
  4169 | D:4      | Noticed Natasha
  4175 | D:4      | Killed Natasha
  4372 | D:4      | Identified the +1 chain mail "Ewoenuof" {Will+ Int-4 Dex+7}
  4609 | D:4      | Learned a level 3 spell: Inner Flame
  4695 | D:5      | Entered Level 5 of the Dungeon
  4973 | D:5      | Reached XP level 7. HP: 33/47 MP: 0/12
  5188 | D:5      | Reached skill level 1 in Hexes
  5626 | D:5      | Found a basalt altar of Yredelemnul.
  5756 | D:5      | Found a staircase to the Ecumenical Temple.
  5823 | Temple   | Entered the Ecumenical Temple
  5834 | Temple   | Became a worshipper of Ru the Awakened
  6214 | D:5      | Reached skill level 5 in Fire Magic
  7294 | D:6      | Reached XP level 8. HP: 36/53 MP: 0/15
  7812 | D:6      | Reached skill level 5 in Spellcasting
  8052 | D:6      | Reached skill level 5 in Dodging
  9155 | D:7      | Found Diczu's General Store.
  9198 | D:7      | Found a flagged portal.
  9207 | Bailey   | Entered a bailey
  9909 | Bailey   | Noticed an orc knight
  9933 | Bailey   | Killed an orc knight
  9934 | Bailey   | Gained mutation: You have a small tail. [demonic ancestry]
  9934 | Bailey   | Reached XP level 9. HP: 58/58 MP: 1/18
 10201 | Bailey   | Noticed an orc knight
 10230 | Bailey   | Killed an orc knight
 12550 | D:8      | Reached skill level 1 in Fighting
 12562 | D:8      | Reached skill level 1 in Armour
 12577 | D:8      | Noticed a six-headed hydra
 12667 | D:8      | Gained mutation: You are somewhat unskilled. (-1 Apt) [Ru
                  | sacrifice]
 12667 | D:8      | Reduced skill Fire Magic to level 5
 12667 | D:8      | Reached * piety under Ru
 12705 | D:8      | Found a sand-covered staircase.
 12715 | Ossuary  | Entered an ossuary
 13161 | Ossuary  | Reached XP level 10. HP: 70/70 MP: 4/19
 14386 | D:8      | Killed a six-headed hydra
 14795 | D:8      | Found Arodulyt's Assorted Antiques.
 14798 | D:8      | Bought a scroll labelled XOH PAD MUV for 29 gold pieces
 14835 | D:8      | Found a sparkling altar of Nemelex Xobeh.
 15217 | D:9      | Found Caen's Jewellery Boutique.
 15674 | D:9      | Reached skill level 5 in Fighting
 15862 | D:10     | Entered Level 10 of the Dungeon
 15956 | D:10     | Identified the +0 pair of boots of Time Monsters {rPois
                  | Str+2 Dex+4}
 16351 | D:10     | Found a shadowy altar of Dithmenos.
 16441 | D:10     | Gained mutation: You have somewhat slow reflexes. (EV -5)
                  | [Ru sacrifice]
 16441 | D:10     | Reached ** piety under Ru
 16472 | D:10     | Noticed a two-headed ogre
 16478 | D:10     | Killed a two-headed ogre
 16479 | D:10     | Reached skill level 5 in Armour
 16479 | D:10     | Gained mutation: A demonic guardian rushes to your aid.
                  | [demonic ancestry]
 16479 | D:10     | Reached XP level 11. HP: 82/82 MP: 7/21
 17055 | D:10     | Noticed Urug
 17074 | D:10     | Killed Urug
 17529 | D:10     | Found a staircase to the Orcish Mines.
 18186 | D:11     | Found a staircase to the Lair.
 20241 | D:11     | Noticed a two-headed ogre
 21725 | D:12     | Noticed a deep elf pyromancer
 21729 | D:12     | Killed a deep elf pyromancer
 21846 | D:12     | Noticed Erolcha
 21849 | Abyss:1  | Cast into level 1 of the Abyss (Erolcha)
 21907 | Abyss:1  | Noticed a starcursed mass
 22058 | Abyss:2  | Noticed a large abomination
 22058 | Abyss:2  | Noticed a starcursed mass
 22066 | Abyss:2  | Paralysed by accursed screaming for 1 turns
 22071 | Abyss:2  | HP: 1/88 [starcursed mass/accursed screaming (19)]
 22073 | Abyss:2  | Noticed an ophan
 22076 | Abyss:2  | Killed from afar by a starcursed mass

Illustrated notes

Levels and vault maps discovered:
D:1:      dpeg_arrival_short_road, layout_basic
D:2:      layout_loops_ring, uniq_sigmund
D:3:      layout_loops_ring, shapermc_ecumenical_altar_rom_forum,
          serial_co_window_serial, co_window_paths_a, co_window_paths_a,
          co_window_corner_a, co_window_cross_1, co_window_paths_a,
          co_window_corner_a, co_window_of_opportunity_a, co_window_2corner,
          co_window_broadway_c, co_window_paths_c, co_window_4corner_b,
          st_stairs_14, uniq_ijyb
D:4:      layout_cave_pools, uniq_natasha
D:5:      layout_loops_ring, nicolae_yredelemnul_corpse_copse,
          minmay_temple_entry_waves, kennysheep_cross_room
D:6:      layout_basic, minmay_misc_feat_enclosed
D:7:      layout_basic, enter_bailey_8, serial_shops, nicolae_shop_stone,
          sigmund_army
D:8:      layout_gridville, nemelex_diamond_rough_becter, enter_ossuary_3,
          serial_shops, kennysheep_mini, hangedman_minor_gate_pass
D:9:      layout_basic, serial_shops, nicolae_shop_trees, disabler_island
D:10:     layout_rooms, mainiacjoe_overflow_surrounded_room, erik_orc_1,
          uniq_urug
D:11:     layout_cave_pools, minmay_lair_entry_grove, serial_glass,
          glass_columns_c, glass_columns_a, feat_on_display, item_on_display_a,
          due_unseen_surprise, item_on_display_b
D:12:     layout_layer_cave, uniq_erolcha
Temple:   compressed_dpeg_triangle_lava_temple
Abyss:2:  base: Temple, evilmike_abyss_exit_17

Skill      XL: |  1  2  3  4  5  6  7  8  9 10 11 |
---------------+----------------------------------+-----
Dodging        | 2 3 4 6 7 |  7.3
Fire Magic     | 3 4 5 6 5 6 |  6.0
Spellcasting   | 3 4 6 6 7 |  7.0
Conjurations   | 2 3 2 3 |  3.0
Hexes          | 2 4 3 4 |  4.0
Fighting       | 2 5 7 |  7.9
Armour         | 2 5 7 |  7.2
Stealth        | |  1.5

Action                   |  1- 3 |  4- 6 |  7- 9 | 10-12 || total
-------------------------+-------+-------+-------+-------++-------
Melee: Unarmed           |    15 |       |       |       ||    15
       Short sword       |    18 |       |       |       ||    18
       Rapier            |    11 |     9 |     8 |    26 ||    54
       Tailslap          |       |       |       |     8 ||     8
       Punch             |       |       |       |     1 ||     1
       Scimitar          |       |       |       |     4 ||     4
 Cast: Foxfire           |    48 |    82 |   247 |   185 ||   562
       Scorch            |     3 |    16 |    42 |    58 ||   119
       Inner Flame       |       |       |    34 |    58 ||    92
Invok: Sacrifice Skill   |       |       |     1 |       ||     1
       Sacrifice Health  |       |       |       |     1 ||     1
Evoke: Wand              |       |       |       |     3 ||     3
  Use: Potion            |     4 |     1 |     1 |     2 ||     8
       Scroll            |       |       |    10 |    12 ||    22
 Stab: Invisible         |       |       |       |     1 ||     1
Armor: Robe              |    14 |     7 |    17 |       ||    38
       Skin              |     7 |       |       |       ||     7
       Ring mail         |       |       |     2 |    62 ||    64
Dodge: Dodged            |    46 |    15 |    42 |    95 ||   198
Block: Other             |       |     5 |    35 |    90 ||   130
       Reflection        |       |       |     6 |     4 ||    10
